 Dungeon Crawl Stone Soup version 0.24.1 (webtiles) character file.

Game seed: 6548803245230144159, levelgen mode: deterministic

46460 Ponchio the Eclecticist (level 14, -5/80 HPs)
             Began as a Deep Elf Earth Elementalist on Mar 28, 2020.
             Was a High Priest of Vehumet.
             Slain by a merfolk impaler
             ... wielding a +2 trident of piercing
              (7 damage)
             ... on level 1 of the Shoals.
             The game lasted 01:42:56 (23223 turns).

Ponchio the Eclecticist (DEEE)                     Turns: 23223, Time: 01:42:57

Health: -5/80      AC:  8    Str:  5    XL:     14   Next: 4%
Magic:  43/47      EV: 17    Int: 35    God:    Vehumet [*****.]
Gold:   1171       SH:  0    Dex: 18    Spells: 34/49 levels left

rFire    . . .     SeeInvis .   y - +4 hand axe of Nontaq {drain, rC+ Int+7 Dex+3}
rCold    + . .     Gourm    .   (no shield)
rNeg     . . .     Faith    .   c - +0 robe
rPois    .         Spirit   .   t - +2 helmet
rElec    .         Reflect  .   (no cloak)
rCorr    +         Harm     .   o - +2 pair of gloves
MR       +....                  (no boots)
Stlth    ++........             V - amulet of magic regeneration
HPRegen  0.23/turn              T - ring "Itwithre" {rCorr Int+2}
MPRegen  0.55/turn              C - ring of magical power

@: mesmerised, hasted, very quick
A: no striking features
a: Renounce Religion


You were on level 1 of the Shoals.
You worshipped Vehumet.
Vehumet was extremely pleased with you.
You were not hungry.

You visited 4 branches of the dungeon, and saw 19 of its levels.
You also visited: Ice Cave.

You collected 1171 gold pieces.

Inventory:

Hand Weapons
 y - the +4 hand axe of Nontaq (weapon) {drain, rC+ Int+7 Dex+3}
   (You found it on level 5 of the Dungeon)

   A truly terrible weapon, it drains the life of those it strikes.
   It affects your intelligence (+7).
   It affects your dexterity (+3).
   It protects you from cold.
 U - the +6 mace "Kadeju" {speed, -Tele +Inv rF+, unknown}
   (You found it on level 13 of the Dungeon)

   Attacks with this weapon are significantly faster.
   It protects you from fire.
   It lets you turn invisible.
   It prevents most forms of teleportation.
Missiles
 w - 234 stones (quivered)
Armour
 c - a +0 robe (worn)
 o - a +2 pair of gloves (worn)
 t - a +2 helmet (worn)
Jewellery
 C - a ring of magical power (right hand)
 L - a +2 ring of evasion
 P - an uncursed ring of protection from cold
 S - an uncursed ring of protection from magic
 T - the ring "Itwithre" (left hand) {rCorr Int+2}
   (You found it in an ice cave)

   [ring of resist corrosion]

   It affects your intelligence (+2).
   It provides partial protection from all sources of acid and corrosion.
 V - an amulet of magic regeneration (around neck)
Wands
 a - a wand of disintegration (41)
 b - a wand of iceblast (19)
 e - a wand of flame (15)
 f - a wand of enslavement (9)
 j - a wand of clouds (7)
 l - a wand of paralysis (10)
 E - a wand of random effects (95)
 H - a wand of polymorph (18)
 O - a wand of digging (5)
 Z - a wand of acid (20)
Scrolls
 d - a scroll of blinking
 i - 9 scrolls of teleportation
 k - 2 scrolls of fear
 p - 5 scrolls of fog
 q - 7 scrolls of amnesia
 r - 4 scrolls of enchant weapon
 v - 8 scrolls of remove curse
 z - a scroll of identify
 A - a scroll of enchant armour
 G - a scroll of brand weapon {unknown}
 K - a scroll of magic mapping
Potions
 g - 4 potions of lignification
 h - 8 potions of curing
 n - 2 potions of magic
 s - 3 potions of heal wounds
 u - 3 potions of agility
 x - a potion of brilliance
 B - a potion of invisibility
 D - a potion of haste
 F - a potion of berserk rage
 I - a potion of mutation {unknown}
 M - 2 potions of ambrosia
 R - 2 potions of might
 W - 2 potions of cancellation {unknown}
 X - a potion of flight {unknown}
Comestibles
 m - 13 rations
 J - 4 chunks of flesh


   Skills:
 * Level 6.3 Fighting
 + Level 6.9 Dodging
 - Level 2.4 Stealth
 - Level 18.1 Spellcasting
 - Level 1.1 Transmutations
 - Level 18.0 Earth Magic


You had 34 spell levels left.
You knew the following spells:

 Your Spells              Type           Power        Failure   Level  Hunger
a - Sandblast             Erth           ######       0%          1    None
b - Passwall              Tmut/Erth      #######.     1%          2    None
c - Stone Arrow           Conj/Erth      ######       1%          3    None
d - Petrify               Tmut/Erth      #######.     1%          4    None
e - Lee's Rapid Deconstr  Erth           ########..   0%          5    None

Your spell library contained the following spells:

 Spells                   Type           Power        Failure   Level  Hunger
 Venom Bolt               Conj/Pois      ####......   9%          5    None
 Corona                   Hex            ####...      1%          1    None
 Magic Dart               Conj           ####         1%          1    None
 Shock                    Conj/Air       ####         1%          1    None
 Blink                    Tloc           N/A          1%          2    None
 Call Imp                 Summ           ####....     1%          2    None
 Ensorcelled Hibernation  Hex/Ice        ####..       1%          2    None
 Slow                     Hex            ####....     1%          2    None
 Swiftness                Chrm/Air       ####....     1%          2    None
 Conjure Flame            Conj/Fire      ####....     1%          3    None
 Dazzling Spray           Conj/Hex       ####..       1%          3    None
 Mephitic Cloud           Conj/Pois/Air  ####....     1%          3    None
 Static Discharge         Conj/Air       ####....     1%          3    None
 Confuse                  Hex            ####....     3%          3    None
 Tukima's Dance           Hex            ####....     3%          3    None
 Airstrike                Air            ####......   3%          4    None
 Lightning Bolt           Conj/Air       ####......   9%          5    None


Dungeon Overview and Level Annotations

Branches:
Dungeon (15/15)            Temple (1/1) D:4            Lair (2/6) D:9
 Shoals (1/4) Lair:2          Orc (0/2) D:12         Vaults (0/5) D:13
 Depths (0/5) D:15          IceCv (visited)
  Snake: Lair:2-4    Spider: Lair:2-4

Altars:
Ashenzari
Cheibriados
Dithmenos
Elyvilon
Fedhas
Gozag
Hepliaklqana
Kikubaaqudgha
Makhleb
Nemelex Xobeh
Okawaru
Qazlal
Ru
Sif Muna
Trog
Uskayaw
Vehumet
Wu Jian
Xom
Yredelemnul
Zin
The Shining One

Shops:
D:8 [

Annotations:
D:6 2 transporters
D:12 2 transporters, Kyzeuru's ghost, journeyman VSTm


Message History

A merfolk avatar comes into view.
Casting: Lee's Rapid Deconstruction (safe; 0% risk of failure)
Confirm with . or Enter, or press ? or * to list all spells.
Okay, then.
You feel yourself speed up.
The merfolk impaler hits you from afar with a +2 trident of piercing!
The merfolk avatar chants a haunting song.
You are mesmerised by the merfolk avatar!
The merfolk impaler hits you from afar with a +2 trident of piercing!
* * * LOW HITPOINT WARNING * * *
x2
Okay, then.
You feel much better.
The merfolk impaler hits you from afar with a +2 trident of piercing!
* * * LOW HITPOINT WARNING * * *
x2 The merfolk avatar chants its luring song.
You feel much better.
Shadowy forms rise from the deep at the merfolk avatar's song!
The merfolk impaler hits you from afar with a +2 trident of piercing!!
* * * LOW HITPOINT WARNING * * *
You die...

≈≈≈ . ≈≈≈≈ .≈ ≈≈≈≈
..≈.... .≈≈≈≈
≈..≈≈...# ##..≈≈≈
≈≈..≈≈≈≈≈###.≈≈≈≈≈≈
≈≈..≈≈≈≈.m.@.≈≈≈≈≈≈
≈...≈≈...##..≈≈≈≈≈≈
.%.≈≈≈...##...≈≈≈≈≈
≈.≈≈≈≈≈......≈≈≈≈≈≈
P≈≈≈≈≈≈≈..m≈≈≈≈≈≈≈≈
≈≈≈≈≈≈≈≈...≈≈≈≈≈≈≈≈
≈≈≈≈≈≈≈≈≈≈≈≈≈≈P≈≈≈≈
P≈≈≈≈≈≈≈≈≈≈≈≈≈PP≈PP
≈
≈≈≈≈≈≈≈≈≈≈≈≈≈≈≈≈≈≈≈


You could see a merfolk avatar and a merfolk impaler.

Vanquished Creatures
  A white draconian (IceCv)
  A dire elephant (D:15)
  Harold (D:7)
  2 hydras (Lair:2)
  A catoblepas (D:15)
  A death yak (IceCv)
  4 two-headed ogres
  An ogre mage (D:15)
  3 tengu warriors
  Urug (D:10)
  A sea snake (Shoals:1)
  An unseen horror (D:13)
  A wolf spider zombie (D:13)
  3 deep elf magi
  A salamander (D:15)
  2 manticores
  5 cyclopes
  An ice statue (IceCv)
  3 ugly things
  2 spiny frogs (Lair:1)
  3 gargoyles
  2 komodo dragons (Lair:2)
  3 rime drakes
  A kobold demonologist (D:15)
  A tengu conjurer (D:15)
  3 trolls
  16 polar bears
  A hornet (D:11)
  5 slime creatures
  A wind drake (Shoals:1)
  3 blink frogs (Lair:1)
  2 shadows
  3 wraiths
  7 hippogriffs
  A spriggan (D:7)
  2 water elementals (Shoals:1)
  3 wyverns (D:13)
  23 yaks
  A hog (shapeshifter) (D:13)
  A basilisk (D:14)
  A swamp worm (shapeshifter) (D:13)
  A soldier ant (shapeshifter) (D:13)
  Duvessa (D:7)
  3 acid dragons
  11 orc warriors
  6 water moccasins
  A porcupine (Lair:1)
  2 phantoms
  3 sky beasts
  4 ice beasts
  An eye of draining (D:15)
  9 ogres
  3 necrophages
  18 wolves (IceCv)
  5 boggarts (D:15)
  7 centaurs
  A crocodile (Lair:1)
  4 big kobolds
  15 bullfrogs
  Dowan (D:7)
  A wyvern skeleton (D:13)
  4 scorpions
  20 killer bees
  14 wights
  8 howler monkeys
  2 vampire bats (Lair:2)
  2 electric eels (D:7)
  8 crimson imps
  A bullfrog zombie (D:9)
  2 centaur zombies
  17 orc priests
  2 centaur skeletons
  5 hounds
  9 jellies
  19 orc wizards
  A bullfrog skeleton (D:4)
  A gnoll shaman (D:7)
  3 iguanas
  10 worker ants
  A killer bee zombie (D:6)
  2 hound zombies
  A mummy (D:10)
  4 worker ant zombies
  10 gnolls
  12 adders
  2 shadow imps (D:11)
  An ooze (D:5)
  2 adder zombies
  An adder skeleton (D:4)
  A worm (D:5)
  6 dart slugs
  6 leopard geckos
  82 orcs
  9 bats
  5 giant cockroaches
  5 goblins
  11 hobgoblins
  17 jackals
  28 kobolds
  9 quokkas
  4 ball pythons
  10 frilled lizards
  A leopard gecko skeleton (D:4)
  A quokka skeleton (D:6)
  8 rats
  5 plants (D:1)
588 creatures vanquished.

Vanquished Creatures (others)
  2 plants (D:7)
2 creatures vanquished.

Grand Total: 590 creatures vanquished

Notes
Turn   | Place    | Note
-------+----------+-------------------------------------------
     0 | D:1      | Ponchio the Deep Elf Earth Elementalist began the quest for
                  | the Orb.
     0 | D:1      | Reached XP level 1. HP: 10/10 MP: 6/6
   123 | D:1      | Reached XP level 2. HP: 11/15 MP: 0/8
   548 | D:1      | Reached XP level 3. HP: 19/19 MP: 10/10
  1073 | D:1      | Learned a level 2 spell: Passwall
  1077 | D:1      | Learned a level 3 spell: Stone Arrow
  3307 | D:2      | Found a glowing silver altar of Zin.
  3472 | D:2      | Reached XP level 4. HP: 24/24 MP: 9/12
  3750 | D:2      | Reached skill level 5 in Spellcasting
  3861 | D:3      | Found a blossoming altar of Fedhas.
  4120 | D:3      | Reached skill level 5 in Earth Magic
  4120 | D:3      | Reached XP level 5. HP: 28/28 MP: 11/14
  4638 | D:3      | Reached XP level 6. HP: 32/32 MP: 2/17
  5032 | D:3      | Learned a level 4 spell: Petrify
  5038 | D:3      | Learned a level 5 spell: Lee's Rapid Deconstruction
  5423 | D:4      | Reached XP level 7. HP: 36/36 MP: 1/19
  5677 | D:4      | Found a staircase to the Ecumenical Temple.
  5687 | Temple   | Entered the Ecumenical Temple
  5721 | Temple   | Became a worshipper of Vehumet
  6475 | D:5      | Entered Level 5 of the Dungeon
  6590 | D:5      | Reached * piety under Vehumet
  6590 | D:5      | Offered knowledge of Freeze by Vehumet.
  6910 | D:5      | Reached XP level 8. HP: 41/41 MP: 11/22
  7175 | D:5      | Got a shimmering hand axe
  7177 | D:5      | Identified the +4 hand axe of Nontaq {drain, rC+ Int+7
                  | Dex+3} (You found it on level 5 of the Dungeon)
  7388 | D:5      | You fall into a shaft and drop 2 floors!
  7580 | D:6      | Found a glowing golden altar of the Shining One.
  7680 | D:6      | Noticed a troll
  7773 | D:6      | Found a transporter.
  7803 | D:6      | Found a transporter.
  7806 | D:6      | Noticed a cyclops
  7809 | D:6      | Found a sacrificial altar of Ru.
  8018 | D:5      | Found a white marble altar of Elyvilon.
  8802 | D:7      | Found an iron altar of Okawaru.
  8873 | D:7      | Reached ** piety under Vehumet
  8873 | D:7      | Offered knowledge of Flame Tongue by Vehumet.
  8974 | D:7      | Reached skill level 10 in Earth Magic
  8977 | D:7      | Reached skill level 10 in Spellcasting
  9043 | D:7      | Noticed Harold
  9140 | D:7      | Reached XP level 9. HP: 45/45 MP: 5/25
  9282 | D:7      | Noticed Duvessa
  9282 | D:7      | Noticed Dowan
  9295 | D:7      | Killed Duvessa
  9489 | D:7      | Found an opulent altar of Gozag.
  9492 | D:7      | Found a bloodstained altar of Trog.
  9495 | D:7      | Found a hazy altar of Hepliaklqana.
  9507 | D:7      | Offered knowledge of Throw Frost by Vehumet.
 10032 | D:7      | Reached *** piety under Vehumet
 10187 | D:7      | Killed Dowan
 10432 | D:7      | Killed Harold
 10727 | D:8      | Reached XP level 10. HP: 50/50 MP: 9/28
 11171 | D:8      | Found Gurhy's Antique Armour Boutique.
 11198 | D:8      | Offered knowledge of Inner Flame by Vehumet.
 12056 | D:9      | Reached **** piety under Vehumet
 12235 | D:9      | Found a staircase to the Lair.
 12259 | D:9      | Offered knowledge of Mephitic Cloud by Vehumet.
 12900 | D:9      | Noticed a manticore
 12903 | D:9      | Killed a manticore
 13028 | D:10     | Entered Level 10 of the Dungeon
 13395 | D:10     | Noticed a gargoyle
 13398 | D:10     | Killed a gargoyle
 13407 | D:10     | Reached ***** piety under Vehumet
 13411 | D:10     | Reached XP level 11. HP: 54/54 MP: 4/31
 13608 | D:10     | Offered knowledge of Irradiate by Vehumet.
 13888 | D:10     | Noticed Urug
 13893 | D:10     | Killed Urug
 14101 | D:11     | Noticed a two-headed ogre
 14103 | D:11     | Killed a two-headed ogre
 14306 | D:11     | Noticed a two-headed ogre
 14308 | D:11     | Killed a two-headed ogre
 14318 | D:11     | Reached skill level 15 in Spellcasting
 14741 | D:11     | Noticed a purple ugly thing
 14743 | D:11     | Killed a purple ugly thing
 15088 | D:12     | Reached skill level 15 in Earth Magic
 15095 | D:12     | Noticed a deep elf mage
 15097 | D:12     | Killed a deep elf mage
 15285 | D:12     | Noticed a two-headed ogre
 15451 | D:12     | Noticed a stone giant
 15478 | D:12     | Noticed Kyzeuru's ghost (journeyman VSTm)
 15479 | D:12     | Identified the +8 great sword of Kirpha {slice, *Corrode
                  | +Fly Str+6 Int+4}
 15479 | D:12     | Noticed a tengu warrior
 15489 | D:12     | Found a transporter.
 15614 | D:12     | Noticed a cyan ugly thing
 15618 | D:12     | Killed a cyan ugly thing
 15758 | D:12     | Found a staircase to the Orcish Mines.
 16011 | D:12     | Identified the cursed +3 war axe of Exquisite Torment
                  | {venom, rPois Str+3 Dex+4}
 16011 | D:12     | Noticed a tengu warrior
 16056 | D:12     | Found a bloodstained altar of Trog.
 16059 | D:12     | Noticed a two-headed ogre
 16065 | D:12     | Found a transporter.
 16204 | D:13     | Offered knowledge of Conjure Ball Lightning by Vehumet.
 16477 | D:13     | Noticed a green ugly thing
 16479 | D:13     | Killed a green ugly thing
 16479 | D:13     | Reached XP level 12. HP: 59/59 MP: 13/34
 17294 | D:13     | Found a gate to the Vaults.
 17517 | D:13     | Got a faintly glowing mace
 17761 | D:13     | Found a burning altar of Makhleb.
 17763 | D:13     | Noticed a blizzard demon
 17941 | D:14     | Noticed a tengu warrior
 17946 | D:14     | Killed a tengu warrior
 17947 | D:14     | Noticed a tengu warrior
 17950 | D:14     | Killed a tengu warrior
 18124 | D:14     | You fall into a shaft and drop 1 floor!
 18124 | D:15     | Entered Level 15 of the Dungeon
 18138 | D:15     | Found an ornate altar of the Wu Jian Council.
 18315 | D:15     | Noticed a catoblepas
 18318 | D:15     | Killed a catoblepas
 18505 | D:15     | Noticed a two-headed ogre
 18507 | D:15     | Killed a two-headed ogre
 18569 | D:15     | Noticed a tengu warrior
 18583 | D:15     | Killed a tengu warrior
 18866 | D:15     | Noticed a centaur warrior
 19005 | D:15     | Noticed a dire elephant
 19015 | D:15     | Killed a dire elephant
 19015 | D:15     | Reached XP level 13. HP: 43/63 MP: 9/36
 19270 | D:15     | Offered knowledge of Bolt of Fire by Vehumet.
 19375 | D:15     | Found a staircase to the Depths.
 20084 | Lair:1   | Entered Level 1 of the Lair of Beasts
 20547 | Lair:1   | Reached skill level 1 in Fighting
 20871 | Lair:2   | Found a frozen archway.
 20884 | IceCv    | Entered an ice cave
 21423 | IceCv    | Reached skill level 5 in Dodging
 21656 | IceCv    | Reached skill level 5 in Fighting
 21821 | IceCv    | Noticed a white draconian
 21825 | IceCv    | Offered knowledge of Venom Bolt by Vehumet.
 21828 | IceCv    | Killed a white draconian
 21910 | IceCv    | Got a heavily runed ivory ring
 21919 | IceCv    | Identified the ring "Itwithre" {rCorr Int+2} (You found it
                  | in an ice cave)
 22357 | Lair:2   | Reached XP level 14. HP: 69/80 MP: 12/38
 22437 | Lair:2   | Found a staircase to the Shoals.
 23005 | Shoals:1 | Entered Level 1 of the Shoals
 23221 | Shoals:1 | HP: 2/80 [merfolk impaler/+2 trident of piercing (6)]
 23223 | Shoals:1 | Slain by a merfolk impaler

Levels and vault maps discovered:
D:1:      tarquinn_simple_flora_water_a, layout_rooms, minmay_misc_feat_five,
          wad_woods_river_04, serial_bayou_lagoon_b
D:2:      minmay_alternating_diamond, layout_basic, lemuel_doored_altar
D:3:      layout_loops_ring, fedhas_ov_isle_minmay
D:4:      minmay_spotlight, layout_basic, minmay_temple_entry_crystal_x
D:5:      layout_loops_ring, kennysheep_little_box, first_ration
D:6:      layout_basic, nicolae_tso_swordbearing_angel,
          gammafunk_temple_overflow_arena
D:7:      layout_basic, grunt_temple_overflow_cloverleaf, the_bakery,
          serial_bayou_lake_a, uniq_harold, uniq_duvessa
D:8:      layout_basic, serial_shops, shop_fountains
D:9:      layout_loops_corners, dpeg_oklobed_lair, grunt_ministairs_1
D:10:     layout_gridville, serial_undead, serial_undead_c, serial_undead_a,
          serial_undead_b, serial_undead_f, uniq_urug
D:11:     layout_basic
D:12:     layout_basic, david_orc_3, gammafunk_ghost_wrathful_warriors,
          hangedman_abyss_or_decor_lesser_grid, kennysheep_generic_room_11
D:13:     layout_long_grid, david_vaults_2, kennysheep_crisscross,
          makhleb_altar_promises_db
D:14:     layout_irregular_city, basic_altar, grunt_tough_drop
D:15:     hangedman_depths_entry_try_elsewhere_first, layout_basic,
          lemuel_altar_in_water
Temple:   nicolae_temple_great_sept
Lair:1:   layout_chaotic_city, beast_lair_carwin_9
Lair:2:   layout_hall_layers, elwin_shoals_entry_rocks, portal_ice_cave_rime,
          nicolae_volcano_entry_lava_flow, grunt_forest_small_clearings,
          small_statue_intersection, roderic_batcave, mumra_transporter_accident
Shoals:1: layout_shoals

Skill      XL: |  1  2  3  4  5  6  7  8  9 10 11 12 13 |
---------------+----------------------------------------+-----
Spellcasting   | 4 5 6 8 10 12 14 16 17 18 | 18.1
Earth Magic    | 4 5 6 7 8 10 12 13 15 17 18 | 18.0
Fighting       | 6 |  6.3
Dodging        | 6 |  6.9
Stealth        | |  2.4
Transmutations | |  1.1

Action                   |  1- 3 |  4- 6 |  7- 9 | 10-12 | 13-15 || total
-------------------------+-------+-------+-------+-------+-------++-------
Melee: Dagger            |   131 |     6 |       |       |       ||   137
       Hand axe          |       |       |     8 |    19 |     5 ||    32
 Cast: Sandblast         |    40 |    39 |    29 |    21 |     6 ||   135
       Stone Arrow       |    57 |    20 |    34 |    53 |    15 ||   179
       Lee's Rapid Decon |       |     9 |    64 |   238 |   118 ||   429
       Petrify           |       |       |     2 |     5 |     5 ||    12
Evoke: Wand              |       |     2 |       |       |       ||     2
  Use: Scroll            |     7 |       |    12 |     7 |     4 ||    30
       Potion            |       |       |       |       |     3 ||     3
 Stab: Sleeping          |     5 |     3 |       |       |       ||     8
  Eat: Ration            |     3 |       |     1 |     1 |     1 ||     6
       Chunk             |     1 |    10 |    22 |    22 |     9 ||    64
Armor: Robe              |    12 |     3 |    18 |    15 |    15 ||    63
Dodge: Dodged            |    68 |    17 |    42 |    36 |    32 ||   195
